 Dungeon Crawl Stone Soup version 0.21-a0-641-geef9d7f (webtiles) character file.

121 Monsterracer the Grave Robber (level 4, -1/36 HPs)
             Began as a Deep Dwarf Necromancer on Dec 30, 2017.
             Slain by a centaur (6 damage)
             ... on level 3 of the Dungeon.
             The game lasted 00:04:42 (2685 turns).

Monsterracer the Grave Robber (DDNe)                Turns: 2685, Time: 00:04:42

Health: -1/36      AC:  3    Str: 12    XL:     4   Next: 77%
Magic:  1/8        EV: 12    Int: 16    God:
Gold:   101        SH:  0    Dex: 13    Spells: 4/8 levels left

rFire    . . .     SeeInvis .   a - +0 dagger (venom)
rCold    . . .     Gourm    .   (no shield)
rNeg     . . .     Faith    .   h - +0 robe
rPois    .         Spirit   .   (no helmet)
rElec    .         Reflect  .   (no cloak)
rCorr    .         Harm     .   (no gloves)
MR       .....                  m - +0 pair of boots
Stlth    ++........             (no amulet)
HPRegen  0.00/turn              (no ring)
MPRegen  0.11/turn              (no ring)

@: non-regenerating
A: damage resistance, heal wounds, sense surroundings 1, no regeneration
a: Heal Wounds


You were on level 3 of the Dungeon.
You were very hungry.

You visited 1 branch of the dungeon, and saw 3 of its levels.

You collected 101 gold pieces.

Inventory:

Hand Weapons
 a - a +0 dagger of venom (weapon)
 b - a +0 hunting sling
 q - a +1 short sword of venom
Missiles
 k - 80 stones (quivered)
Armour
 h - a +0 robe (worn)
 m - a +0 pair of boots (worn)
Scrolls
 d - 2 scrolls of identify {unknown}
 n - 3 scrolls of remove curse {unknown}
 o - 2 scrolls of teleportation {unknown}
Potions
 e - a potion of mutation {unknown}
 f - a potion of degeneration {unknown}
 g - a potion of heal wounds {unknown}
 j - a potion of haste {unknown}
 l - 2 potions of flight {unknown}
 p - a potion of lignification {unknown}
Books
 i - a book of Necromancy

   Spells                             Type                      Level
   a - Pain                           Necromancy                   1
   b - Animate Skeleton               Necromancy                   1
   c - Vampiric Draining              Necromancy                   3
   d - Regeneration                   Charms/Necromancy            3
   e - Animate Dead                   Necromancy                   4
   f - Borgnjor's Vile Clutch         Necromancy/Earth             5
Comestibles
 c - 8 rations


   Skills:
 - Level 2.1 Dodging
 - Level 2.4 Stealth
 + Level 2.7 Spellcasting
 * Level 6.1 Necromancy


You had 4 spell levels left.
You knew the following spells:

 Your Spells              Type           Power        Failure   Level  Hunger
a - Pain                  Necr           ###.         1%          1    #......
c - Vampiric Draining     Necr           ###.......   4%          3    ###....


Dungeon Overview and Level Annotations

Branches:
Dungeon (3/15)

Altars:
Trog


Innate Abilities, Weirdness & Mutations

You are resistant to damage.
You can heal yourself by infusing magical energy.
You passively map a small area around you.
You do not regenerate.


Message History

Aim: a quokka You kill the quokka!
You feel life coursing into your body.
You are feeling hungry.
You regained 2 hp, and now have 15/36 hp.
You now have 5/8 mp.
You hit the hobgoblin but do no damage.
The hobgoblin is poisoned.
The hobgoblin hits you with a club.
Casting: Vampiric Draining
Confirm with . or Enter, or press ? or * to list all spells.
Aiming: Vampiric Draining
Press: ? - help, Shift-Dir - straight line, f - hobgoblin
Aim: a hobgoblin, wielding a club (heavily wounded, poisoned)
You kill the hobgoblin!
You feel life coursing into your body.
You now have 2/8 mp.
There is a stone staircase leading down here.
Things that are here:
a club; a quokka corpse A rat comes into view.
You regained 2 mp, and now have 4/8 mp.
You butcher the quokka corpse.
There is a stone staircase leading down here.
Things that are here:
a club; 2 chunks of flesh A rat is nearby!
The rat bites you but does no damage.
You hit the rat.
The rat is moderately wounded.
The rat closely misses you.
You barely miss the rat.
The rat is moderately wounded.
The rat closely misses you.
You hit the rat but do no damage.
The rat is poisoned.
The rat is moderately wounded.
The rat barely misses you.
You barely miss the rat.
The rat is moderately wounded.
The rat bites you.
* * * LOW HITPOINT WARNING * * *
You take 1 damage, and have 15/36 hp.
You barely miss the rat. The rat bites you.
You barely miss the rat. The rat closely misses you.
Casting: Vampiric Draining
Confirm with . or Enter, or press ? or * to list all spells.
Aiming: Vampiric Draining
Press: ? - help, Shift-Dir - straight line, f - rat
Aim: a rat (poisoned)
You kill the rat!
You feel life coursing into your body.
You now have 2/8 mp.
Okay, then.
A centaur comes into view.
You regained 2 mp, and now have 4/8 mp.
A centaur is nearby!
You see here a rat corpse.
You butcher the rat corpse.
You see here a chunk of flesh.
The centaur shouts!
The centaur wields a shortbow.
The centaur shoots an arrow.
The arrow completely misses you.
The centaur unwields an uncursed shortbow.
The centaur hits you.
* * * LOW HITPOINT WARNING * * *
You take 3 damage, and have 13/36 hp.
Casting: Vampiric Draining
Confirm with . or Enter, or press ? or * to list all spells.
Aiming: Vampiric Draining
Press: ? - help, Shift-Dir - straight line, f - centaur
Aim: a centaur The centaur is moderately wounded.
You feel life coursing into your body.
You are feeling very hungry.
The centaur barely misses you. The centaur hits you!
* * * LOW HITPOINT WARNING * * *
You take 1 damage, and have 12/36 hp.
You now have 1/8 mp.
Casting: Vampiric Draining
Confirm with . or Enter, or press ? or * to list all spells.
Aiming: Pain
Press: ? - help, Shift-Dir - straight line, f/p - centaur
Aim: a centaur (moderately wounded, chance to defeat MR: 80%)
The centaur writhes in agony!
The centaur hits you.
* * * LOW HITPOINT WARNING * * *
You take 2 damage, and have 10/36 hp.
You now have 0/8 mp.
You barely miss the centaur.
The centaur is heavily wounded.
The centaur barely misses you. The centaur closely misses you.
A giant cockroach comes into view.
You closely miss the centaur.
The centaur is heavily wounded.
The centaur closely misses you.
You hit the centaur.
The centaur is poisoned.
The centaur is heavily wounded.
The centaur closely misses you. The centaur hits you!
* * * LOW HITPOINT WARNING * * *
You take 5 damage, and have 5/36 hp.
You barely miss the centaur.
The centaur is severely wounded.
The centaur hits you!
You die...

#......... ,
............# , *
.......... ... #### ,
......... ,... , .... ,
.......##* ##... .....
.......#.. ...# #.....,
, ..........####.###.s..
. * *
.)...............c.##...
<......##...(...@.......
*
...........#......###...
...###.........%........
,
..................###...
.........###..%...# * .
...........>......# ,
..........##.(....#
.........###......# ,
.........# #......# *


You could see a centaur and a giant cockroach.

Vanquished Creatures
  4 gnolls
  3 adders (D:2)
  A worm (D:3)
  2 leopard geckos (D:2)
  4 bats
  A giant cockroach (D:1)
  9 goblins
  6 hobgoblins
  4 jackals (D:2)
  2 quokkas
  A ball python (D:2)
  5 frilled lizards
  5 kobolds
  4 rats
51 creatures vanquished.

Notes
Turn   | Place    | Note
-------+----------+-------------------------------------------
     0 | D:1      | Monsterracer the Deep Dwarf Necromancer began the quest for the Orb.
     0 | D:1      | Reached XP level 1. HP: 15/15 MP: 3/3
   325 | D:1      | Reached XP level 2. HP: 20/22 MP: 3/5
   719 | D:1      | Reached skill level 5 in Necromancy
  1273 | D:2      | Reached XP level 3. HP: 26/28 MP: 3/6
  1278 | D:2      | Learned a level 3 spell: Vampiric Draining
  1823 | D:2      | Found a bloodstained altar of Trog.
  2048 | D:2      | Reached XP level 4. HP: 23/36 MP: 0/7
  2302 | D:3      | HP: 14/36 [gnoll/spear (10)]
  2371 | D:3      | HP: 15/36 [gnoll/spear (4)]
  2377 | D:3      | HP: 6/36 [gnoll/halberd (13)]
  2378 | D:3      | Reached skill level 6 in Necromancy
  2380 | D:3      | HP: 2/36 [gnoll/spear (2)]
  2385 | D:2      | HP: 1/36 [kobold (1)]
  2509 | D:3      | HP: 7/36 [worm (1)]
  2656 | D:3      | HP: 15/36 [rat (1)]
  2676 | D:3      | Noticed a centaur
  2679 | D:3      | HP: 13/36 [centaur (3)]
  2684 | D:3      | HP: 5/36 [centaur (5)]
  2685 | D:3      | Slain by a centaur

Vault maps used:
D:1:      dpeg_arrival_circle_labyrinth_c
D:2:      old_standard_altar, first_ration
D:3:      minivault_23

Skill      XL: |  1  2  3  4 |
---------------+-------------+-----
Spellcasting   | 2 |  2.7
Necromancy     | 5 6 |  6.1
Dodging        | |  2.1
Stealth        | |  2.4

Action                   |  1- 3 |  4- 6 || total
-------------------------+-------+-------++-------
Melee: Unarmed           |    13 |       ||    13
       Dagger            |    26 |    25 ||    51
 Fire: Hunting sling     |     2 |       ||     2
 Cast: Pain              |    68 |     2 ||    70
       Vampiric Draining |     1 |    13 ||    14
  Eat: Chunk             |     4 |     3 ||     7
Armor: Robe              |    23 |     5 ||    28
Dodge: Dodged            |    44 |    44 ||    88

Table legend:
 A = Spawn XP
 B = Non-spawn XP
 C = Spawn XP percentage of total XP
 D = Spawn monster count
 E = Non-spawn monster count
 F = Spawn count percentage of total count
 G = Total turns spent on level
                    A         B        C        D         E        F      G
               +---------+---------+-------+---------+---------+-------+---------
         Total |       0 |     174 |   0.0 |       0 |      51 |   0.0 |  2685
               +---------+---------+-------+---------+---------+-------+---------
           D:1 |       0 |      35 |   0.0 |       0 |      20 |   0.0 |  1264
           D:2 |       0 |     100 |   0.0 |       0 |      24 |   0.0 |  1190
           D:3 |       0 |      39 |   0.0 |       0 |       7 |   0.0 |   231
               +---------+---------+-------+---------+---------+-------+---------

Vault maps used:
D:1:      dpeg_arrival_circle_labyrinth_c
D:2:      old_standard_altar, first_ration
D:3:      minivault_23
